 Dungeon Crawl Stone Soup version 0.29-a0-393-g47a863cc1b (webtiles) character file.

Game seed: 9511688531661366555

77 NinjaNoafa the Skirmisher (level 4, -1/41 HPs)
             Began as a Minotaur Fighter on May 9, 2022.
             Killed from afar by Sigmund (11 damage)
             ... with a puff of flame
             ... on level 2 of the Dungeon.
             The game lasted 00:02:07 (1427 turns).

NinjaNoafa the Skirmisher (Minotaur Fighter)        Turns: 1427, Time: 00:02:07

Health: -1/41      AC:  8    Str: 22    XL:     4   Next: 13%
Magic:  3/3        EV:  9    Int:  5    God:
Gold:   67         SH:  4    Dex: 10    Spells: 3/3 levels left

rFire   . . .      SeeInvis .   a - +0 flail
rCold   . . .      Faith    .   c - +0 buckler
rNeg    . . .      Spirit   .   b - +0 scale mail
rPois   .          Reflect  .   (helmet restricted)
rElec   .          Harm     .   (no cloak)
rCorr   .          Rampage  .   d - +0 pair of gloves
Will    .....                   (no boots)
Stlth   ..........              (no amulet)
HPRegen 0.13/turn               (no ring)
MPRegen 0.08/turn               (no ring)

@: weak-willed
A: horns 2, retaliatory headbutt
a: no special abilities


You were on level 2 of the Dungeon.
You visited 1 branch of the dungeon, and saw 2 of its levels.

You collected 67 gold pieces.

Inventory:

Hand Weapons
 a - a +0 flail (weapon)
Armour
 b - a +0 scale mail (worn)
 c - a +0 buckler (worn)
 d - a +0 pair of gloves (worn)
Scrolls
 h - a scroll of vulnerability


   Skills:
 + Level 4.6 Fighting
 + Level 3.6 Maces & Flails
 + Level 4.5 Armour
 - Level 3.6 Shields


You had 3 spell levels left.
You didn't know any spells.
Your spell library contained the following spells:

 Spells                   Type           Power      Damage    Failure   Level
 Summon Forest            Summ/Tloc      0%         N/A       100%        5
 Eringya's Noxious Bog    Tmut/Pois      0%         N/A       100%        6
 Summon Hydra             Summ           0%         N/A       100%        7


Dungeon Overview and Level Annotations

Branches:
Dungeon (2/15)

Altars:

Annotations:
D:2 Sigmund


Innate Abilities, Weirdness & Mutations

You have a pair of horns on your head.
You reflexively headbutt those who attack you in melee.


Message History

You see here a +0 pair of gloves.
d - a +0 pair of gloves You start putting on your armour.
You continue putting on your +0 pair of gloves. x4
You finish putting on your +0 pair of gloves.
You start resting.
Sigmund is nearby!
Okay, then.
You aren't carrying any potions.
As you read the scroll labelled UCHETE YSODISM, it crumbles to dust.
It is a scroll of amnesia.
You feel forgetful for a moment.
Sigmund shouts!
You aren't carrying any potions.
Sigmund looks at you with fury.
Sigmund points at you and mumbles some strange words.
The puff of flame hits you!
You aren't carrying any potions.
As you read the scroll labelled ECVULEI ZEZU, it crumbles to dust.
Magic quickly surges around you.
It was a scroll of vulnerability.
Sigmund barely misses you.
Sigmund mumbles some strange words.
Sigmund flickers and vanishes!
Deactivating autopickup; reactivate with Ctrl-A.
You hit something.
You hear some strange, mumbled words.
A magic dart appears from out of thin air!
The magic dart hits you but does no damage.
You barely miss something. You headbutt something.
Something hits you but does no damage.
You barely miss something. Something hits you.
You hit something. Something hits you!
You closely miss something. Something hits you.
You sock something! You headbutt something. You miss something.
Something hits you!
* * * LOW HITPOINT WARNING * * *
You block something's attack.
A puff of flame appears from out of thin air!
The puff of flame hits you!
You die...

#. #.## #... #..#
# ##... .# #
...##.##.#
#####.####.......#
#......@.#..#..
#.###.##.#.#.#
#.......#.#
#...{...###
#....##.##.#
#.......# $#
#....#... ..
.#.#.(......#
...........[#


There were no monsters in sight!

Vanquished Creatures
  Robin (D:2)
  A gnoll (D:1)
  A dart slug (D:1)
  2 bats (D:1)
  4 endoplasms
  10 goblins
  8 hobgoblins
  6 jackals (D:1)
  4 quokkas
  4 ball pythons (D:1)
  A frilled lizard (D:1)
  A kobold (D:1)
  A rat (D:1)
44 creatures vanquished.

Notes
Turn   | Place    | Note
-------+----------+-------------------------------------------
     0 | D:1      | NinjaNoafa the Minotaur Fighter began the quest for the
                  | Orb.
     0 | D:1      | Reached XP level 1. HP: 19/19 MP: 0/0
    60 | D:1      | Found a faded altar of an unknown god.
   245 | D:1      | Reached XP level 2. HP: 27/27 MP: 1/1
   644 | D:1      | Reached XP level 3. HP: 33/33 MP: 2/2
  1189 | D:2      | Noticed Robin
  1225 | D:2      | Killed Robin
  1226 | D:2      | Reached XP level 4. HP: 21/41 MP: 3/3
  1235 | D:2      | Noticed Sigmund
  1427 | D:2      | Killed from afar by Sigmund

Illustrated notes

Levels and vault maps discovered:
D:1:      nicolae_arrival_somewhat_less_tricky_arrival, layout_loops_ring,
          ebering_ecumenical_altar_rust, palyth_stone_intersect,
          minmay_heptomino_o4
D:2:      layout_loops_cross, uniq_sigmund, uniq_robin, uniq_jessica

Skill      XL: |  1  2 |
---------------+-------+-----
Fighting       | 4 |  4.6
Maces & Flails | 3 |  3.6
Armour         | 4 |  4.5
Shields        | |  3.6

Action                   |  1- 3 |  4- 6 || total
-------------------------+-------+-------++-------
Melee: Flail             |    90 |     7 ||    97
       Headbutt          |     3 |     2 ||     5
Throw: Dart              |    12 |       ||    12
  Use: Potion            |     3 |       ||     3
       Scroll            |       |     4 ||     4
Armor: Scale mail        |    53 |     2 ||    55
       Skin              |    21 |       ||    21
Dodge: Dodged            |    54 |     1 ||    55
Block: Buckler           |    23 |     2 ||    25

Table legend: (Time is in decaauts)
 A = Elapsed time spent in this place.
 B = Non-inter-level travel time spent in this place.
 C = Inter-level travel time spent in this place.
 D = Time resting spent in this place.
 E = Time spent auto-exploring this place.
 F = Levels seen in this place.
 G = Mean time per level.
                   A        B        C        D        E       F      G
               +--------+--------+--------+--------+--------+-----+--------+
         Total |   1454 |   1415 |     39 |    167 |    963 |   2 |  727.0 |
       Dungeon |   1454 |   1415 |     39 |    167 |    963 |   2 |  727.0 |
               +--------+--------+--------+--------+--------+-----+--------+

Top non-repeatable levels by time:
     D:1: 1173 daAuts
     D:2: 280 daAuts
